AoeStats
← EsepeEle

Arabia

510218129Analyzed
1v1 RM · 2d ago on Sep 30, 2026· 62m 45s· 2 players
Game mode
Random Map
Map size
Tiny (2 player)
Population
200
Speed
Normal
Resources
Standard
Victory
Conquest
Starting age
Dark Age
Ending age
Imperial Age
RankedLock teamsTeams togetherTeam positionsShared explorationLock speedFull tech treeHidden civsTurbo modeCheats
Victory
Defeat
🇨🇴 Ethiopians · Colombia
568
+15
🇨🇱 Saracens · Chile
552
-15
EsepeEle
2:35 Loom
11:18 Feudal Age
19:29 Castle Age
18:08 Fletching
20:58 Thumb Ring
21:19 Crossbowman
22:41 Elite Skirmisher
23:48 Town Watch
29:28 Padded Archer Armor
30:48 Bodkin Arrow
34:47 Wheelbarrow
36:03 Forging
36:26 Scale Barding Armor
36:48 Gold Mining
36:45 Double-Bit Axe
37:11 Light Cavalry
40:22 Ballistics
41:59 Bow Saw
43:55 Gold Shaft Mining
51:45 Imperial Age
49:58 Leather Archer Armor
52:43 Hand Cart
52:52 Conscription
54:34 Chemistry
60:33 Elite Mameluke
Masepulvedah1
0:38 Loom
12:24 Feudal Age
12:53 Double-Bit Axe
13:01 Gold Mining
12:58 Horse Collar
17:26 Fletching
17:37 Padded Archer Armor
18:03 Padded Archer Armor
29:59 Castle Age
30:05 Crossbowman
30:50 Thumb Ring
32:23 Crossbowman
33:38 Bodkin Arrow
33:58 Leather Archer Armor
40:54 Elite Skirmisher
45:08 Imperial Age
45:43 Ballistics
49:48 Capped Ram
52:06 Bracer
52:36 Ring Archer Armor
53:20 Bow Saw
55:04 Gold Shaft Mining
54:19 Stone Mining
55:03 Heavy Plow
57:09 Chemistry
59:03 Siege Engineers
58:48 Arbalester
Connection lost

Rejoining the realm…

Still unreachable

The connection could not be restored.

Session expired

The server has moved on; the page needs a fresh start.